 Dungeon Crawl Stone Soup version 0.26-a0-752-gcff87cac9a (webtiles) character file.

Game seed: 2787633225377930175

97 Queen the Chopper (level 4, -3/40 HPs)
             Began as a Minotaur Berserker on Nov 6, 2020.
             Was a Believer of Trog.
             Killed by divine providence
             ... invoked by an orc priest
              (17 damage)
             ... on level 4 of the Dungeon.
             The game lasted 00:03:13 (2329 turns).

Queen the Chopper (Minotaur Berserker)              Turns: 2329, Time: 00:03:14

Health: -3/40      AC:  3    Str: 22    XL:     4   Next: 42%
Magic:  3/3        EV: 12    Int:  4    God:    Trog [**....]
Gold:   92         SH:  0    Dex: 10    Spells: 3/3 levels left

rFire    . . .     SeeInvis .   a - +0 hand axe
rCold    . . .     Faith    .   (no shield)
rNeg     . . .     Spirit   .   n - +0 leather armour
rPois    .         Reflect  .   (helmet restricted)
rElec    .         Harm     .   (no cloak)
rCorr    .         Rampage  .   (no gloves)
MR       .....                  (no boots)
Stlth    +.........             (no amulet)
HPRegen  0.13/turn              (no ring)
MPRegen  0.08/turn              (no ring)

@: no status effects
A: retaliatory headbutt, horns 2
a: Berserk, Trog's Hand, Renounce Religion


You were on level 4 of the Dungeon.
You worshipped Trog.
Trog was pleased with you.
You visited 1 branch of the dungeon, and saw 4 of its levels.

You collected 92 gold pieces.

Inventory:

Hand Weapons
 a - a +0 hand axe (weapon)
Armour
 n - a +0 leather armour (worn)
Jewellery
 g - an uncursed ring of flight {unknown}
 l - an uncursed ring of protection from magic {unknown}
 o - an uncursed ring of protection from magic {unknown}
Scrolls
 c - 6 scrolls of identify {unknown}
 d - a scroll of random uselessness {unknown}
 f - a scroll of remove curse {unknown}
 k - a scroll of teleportation {unknown}
Potions
 b - a potion of degeneration {unknown}
 e - a potion of haste {unknown}
 h - a potion of magic {unknown}
 i - a potion of lignification {unknown}
 j - a potion of heal wounds {unknown}
 m - a potion of resistance {unknown}
 p - a potion of might {unknown}


   Skills:
 + Level 4.2 Fighting
 * Level 4.9 Axes
 + Level 3.4 Armour
 + Level 3.0 Dodging


You had 3 spell levels left.
You didn't know any spells.
Your spell library was empty.

Dungeon Overview and Level Annotations

Branches:
Dungeon (4/15)
 Temple: D:4-7

Altars:
Cheibriados
Elyvilon
Okawaru


Innate Abilities, Weirdness & Mutations

You reflexively headbutt those who attack you in melee.
You have a pair of horns on your head.


Message History

You furiously retaliate!
You headbutt the frilled lizard.
You kill the frilled lizard!
Trog accepts your kill.
A leopard gecko comes into view.
The leopard gecko hisses angrily.
The leopard gecko bites you.
You hit the leopard gecko.
You kill the leopard gecko!
Trog accepts your kill.
You hear the slow rusting of a very distant drain.
You see here a leopard gecko corpse.
You start resting.
You hear the slow rusting of a very distant drain.
An orc priest comes into view. It is wielding a +1 war axe of venom.
The orc priest shouts!
You hear a shout!
The orc priest invokes the aid of Beogh against you.
Beogh smites you!
The orc priest mumbles some strange prayers to Beogh against you.
Beogh smites you!
You die...

#.#.## ##
#.#..####
#### #.#
#.....†.#
...#
#.####..##.#
##.#
#.###.###.#
#.# #.#..#
#.# #.#
####.#.# #.#
#.####......#
#.#
#........####
#@#
######.#.#
#.# #.#.# #.#
#.#.# #.#
#.#.# #.#
....# #.#
#.### #o# #..
..#


You could see an orc priest.

Vanquished Creatures
  An iguana (D:3)
  An adder (D:2)
  An ooze (D:3)
  A worm (D:2)
  2 dart slugs (D:1)
  3 leopard geckos
  An orc (D:3)
  3 ball pythons
  2 giant cockroaches
  7 goblins
  3 hobgoblins
  5 bats (D:1)
  7 frilled lizards
  7 kobolds
  6 rats
50 creatures vanquished.

Notes
Turn   | Place    | Note
-------+----------+-------------------------------------------
     0 | D:1      | Queen the Minotaur Berserker began the quest for the Orb.
     0 | D:1      | Reached XP level 1. HP: 19/19 MP: 0/0
   428 | D:1      | Reached XP level 2. HP: 21/27 MP: 1/1
   960 | D:2      | Found a snail-covered altar of Cheibriados.
   969 | D:2      | Reached XP level 3. HP: 29/33 MP: 2/2
  1038 | D:2      | Found an iron altar of Okawaru.
  1079 | D:2      | Reached ** piety under Trog
  1888 | D:3      | Found a white marble altar of Elyvilon.
  2098 | D:3      | Reached XP level 4. HP: 40/40 MP: 3/3
  2329 | D:4      | Killed from afar by an orc priest

Illustrated notes

Levels and vault maps discovered:
D:1:      dpeg_arrival_arbitrary_b, layout_basic
D:2:      layout_loops_ring, cheibriados_altar_1, okawaru_trees_2
D:3:      layout_basic, lemuel_crystal_altar, nicolae_qazlal_style_of_elements,
          nicolae_ashenzari_panopticon, uniq_robin, uniq_ijyb
D:4:      layout_loops_ring, gammafunk_ghost_split, portal_sewer_entry_b,
          st_stairs_9, chequers_avenue

Skill      XL: |  1  2  3  4 |
---------------+-------------+-----
Axes           | 4 |  4.9
Fighting       | 4 |  4.2
Armour         | 3 |  3.4
Dodging        | 3 |  3.0

Action                   |  1- 3 |  4- 6 || total
-------------------------+-------+-------++-------
Melee: Hand axe          |   101 |    13 ||   114
       Headbutt          |    17 |     1 ||    18
Invok: Berserk           |       |     1 ||     1
Armor: Animal skin       |    15 |       ||    15
       Leather armour    |       |     1 ||     1
Dodge: Dodged            |    60 |     4 ||    64

Table legend: (Time is in decaauts)
 A = Elapsed time spent in this place.
 B = Non-inter-level travel time spent in this place.
 C = Inter-level travel time spent in this place.
 D = Time resting spent in this place.
 E = Time spent auto-exploring this place.
 F = Levels seen in this place.
 G = Mean time per level.
                   A        B        C        D        E       F      G
               +--------+--------+--------+--------+--------+-----+--------+
         Total |   2350 |   2269 |     81 |     70 |   1801 |   4 |  587.5 |
       Dungeon |   2350 |   2269 |     81 |     70 |   1801 |   4 |  587.5 |
               +--------+--------+--------+--------+--------+-----+--------+

Top non-repeatable levels by time:
     D:1: 949 daAuts
     D:2: 923 daAuts
     D:3: 359 daAuts
     D:4: 119 daAuts
